[Event "Titled Tuesday Blitz June 28 Early 2022"]
[White "Krishnan, Varun"]
[Black "Carrasco Miranda, Andres"]
[WhiteFideId "5054508"]
[BlackFideId "3405990"]
[WhiteElo "2570"]
[BlackElo "2177"]
[Result "0-1"]
[Round "03"]
[TimeControl "180+1"]
[Date "2022.06.28"]
[WhiteClock "0:00:12"]
[BlackClock "0:00:12"]

1. d4 Nf6 2. c4 g6 3. g3 c6 4. Bg2 d5 5. Nf3 Bg7 6. O-O O-O 7. Nc3 dxc4 8. Ne5 Be6 9. a4 a5 10. e3 Nbd7 11. f4 Rb8 12. Qe2 Nxe5 13. fxe5 Nd5 14. Ne4 b5 15. Ng5 Qd7 16. axb5 cxb5 17. Rxa5 Bh6 18. e4 Bg4 19. Qf2 Nb4 20. h3 Nd3 21. Qe3 Nxc1 22. Qxc1 Qxd4+ 23. Kh2 Be2 24. Re1 Qxe5 25. Rxe2 Bxg5 26. Qxc4 bxc4 27. Rxe5 Bf6 28. Rc5 Rfc8 29. Rxc8+ Rxc8 30. e5 Bg5 31. Rc2 Be3 32. Bf1 Bd4 33. Bxc4 Kg7 34. b3 Bxe5 35. Re2 Bd6 36. Rf2 f5 37. Kg2 Ra8 38. Rc2 Ra1 39. g4 f4 40. g5 Re1 41. Bd5 Re3 42. Rc8 e6 43. Bf3 h6 44. Rd8 Rd3 45. Rd7+ Kh8 46. gxh6 Rd2+ 47. Kf1 Bb4 48. Rg7 Bc5 49. Be4 Rf2+ 50. Ke1 f3 51. Rxg6 Re2+ 52. Kd1 Rxe4 53. Rf6 f2 54. Kd2 Re1 55. Kd3 f1=Q+ 56. Rxf1 Rxf1 57. Kc4 Rh1 58. Kxc5 Rxh3 59. b4 Rxh6 60. b5 Rh5+ 61. Kc6 Rh1 62. b6 Rb1 63. b7 Kg7 64. Kd6 Kf6 65. Kc7 Rxb7+ 66. Kxb7 e5 67. Kc6 e4 68. Kd5 e3 69. Ke4 e2 70. Kf3 e1=Q 71. Kg2 Qe4+ 72. Kg3 Kf5 73. Kh3 Qg4+ 74. Kh2 Kf4 75. Kh1 Kf3 0-1


[Site "https://www.chess.com"]

[Event "Titled Tuesday Blitz June 28 Early 2022"]
[White "Kupervaser, Erez"]
[Black "Navarrete Mendez, Gonzalo Alberto"]
[WhiteFideId "2814587"]
[BlackFideId "5106850"]
[WhiteElo "1832"]
[BlackElo "2261"]
[Result "0-1"]
[Round "03"]
[TimeControl "180+1"]
[Date "2022.06.28"]
[WhiteClock "0:00:01"]
[BlackClock "0:00:09"]

1. e4 e5 2. Nf3 Nc6 3. d4 exd4 4. Nxd4 Qf6 5. Be3 Bc5 6. c3 Nge7 7. Bc4 d5 8. exd5 Ne5 9. Bb5+ c6 10. dxc6 O-O 11. O-O Nd5 12. Nd2 Nxe3 13. fxe3 Qh6 14. Nc4 Ng4 15. h3 Nxe3 16. Nxe3 Qxe3+ 17. Kh1 Qh6 18. Qf3 bxc6 19. Bxc6 Rb8 20. Rae1 Ba6 21. Rf2 Rb6 22. Bd5 Rf6 23. Nf5 Qg5 24. h4 Qg6 25. b4 Bc8 26. Be4 Bxf5 27. Bxf5 Qh6 28. bxc5 Qxh4+ 29. Kg1 g6 30. Qg4 Qh6 31. Be4 Rxf2 32. Kxf2 Qd2+ 33. Re2 Qxc3 34. c6 Qc5+ 35. Kf1 f5 36. Qg3 fxe4+ 37. Ke1 Qc1# 0-1


[Site "https://www.chess.com"]

[Event "Titled Tuesday Blitz June 28 Early 2022"]
[White "Ladan, Nicholas"]
[Black "Meshkovs, Nikita"]
[WhiteFideId "30918855"]
[BlackFideId "11602740"]
[WhiteElo "2167"]
[BlackElo "2506"]
[Result "1-0"]
[Round "03"]
[TimeControl "180+1"]
[Date "2022.06.28"]
[WhiteClock "0:00:14"]
[BlackClock "0:00:17"]

1. d4 Nf6 2. c4 c5 3. d5 e6 4. Nc3 exd5 5. cxd5 g6 6. g3 d6 7. Bg2 Bg7 8. Nf3 O-O 9. O-O Nbd7 10. Bf4 Ne8 11. e4 Rb8 12. a4 a6 13. a5 b5 14. axb6 Rxb6 15. Na4 Rb4 16. Nd2 Ne5 17. Qc2 Nc7 18. Nc3 Bd7 19. Ra3 Qb8 20. b3 Re8 21. Rfa1 h6 22. Bf1 g5 23. Bxe5 Bxe5 24. Nc4 Bxc3 25. Qxc3 Nb5 26. Qf6 Nxa3 27. Nxd6 Rf8 28. Rxa3 Rxb3 29. Rxa6 Rb1 30. Qxh6 Qd8 31. Nxf7 Kxf7 32. Qg6+ Ke7 33. d6# 1-0


[Site "https://www.chess.com"]

[Event "Titled Tuesday Blitz June 28 Early 2022"]
[White "Ladopoulos, Dimitrios"]
[Black "Narayanan.S.L"]
[WhiteFideId "4239580"]
[BlackFideId "5058422"]
[WhiteElo "2195"]
[BlackElo "2494"]
[Result "0-1"]
[Round "03"]
[TimeControl "180+1"]
[Date "2022.06.28"]
[WhiteClock "0:00:04"]
[BlackClock "0:01:59"]

1. Nf3 g6 2. d4 Bg7 3. c4 d6 4. Nc3 Nd7 5. g3 e5 6. Bg2 Ne7 7. O-O O-O 8. e4 Nc6 9. Be3 Nb6 10. b3 Bg4 11. d5 Nd4 12. Bxd4 exd4 13. Nb5 c5 14. dxc6 bxc6 15. Nbxd4 c5 16. Nb5 Bxa1 17. Qxa1 a6 18. Nc3 Qf6 19. e5 dxe5 20. Ne4 Qg7 21. Nxe5 Bf5 22. Nxc5 Rae8 23. Nf3 a5 24. Qxg7+ Kxg7 25. Nd4 Bc8 26. a4 Nd7 27. Nd3 Ne5 28. Nxe5 Rxe5 29. Bd5 Bh3 30. Rd1 Rfe8 31. f4 Re3 32. Kf2 Rc3 33. Rd2 Rc1 34. Bg2 Bxg2 35. Kxg2 Re3 36. Kf2 Rec3 37. Ne2 R1c2 38. Nxc3 Rxd2+ 39. Ke3 Rxh2 40. c5 Kf8 41. Kd4 h5 42. Ne4 Ke7 43. Kd5 h4 44. gxh4 Rxh4 45. Ke5 Rh5+ 46. Kd4 Rf5 47. Ke3 Rd5 48. b4 axb4 49. a5 b3 50. a6 b2 51. a7 b1=Q 52. a8=Q Qd3+ 53. Kf2 Qxe4 0-1


[Site "https://www.chess.com"]

[Event "Titled Tuesday Blitz June 28 Early 2022"]
[White "Large, Peter G"]
[Black "Kucuksari, Kaan"]
[WhiteFideId "400866"]
[BlackFideId "6380166"]
[WhiteElo "2064"]
[BlackElo "2305"]
[Result "1-0"]
[Round "03"]
[TimeControl "180+1"]
[Date "2022.06.28"]
[WhiteClock "0:00:30"]
[BlackClock "0:00:20"]

1. Nf3 g6 2. b3 Bg7 3. d4 Nf6 4. Bb2 O-O 5. e3 d6 6. Be2 Nbd7 7. O-O a5 8. a4 b6 9. c4 Bb7 10. Nc3 Ne4 11. Rc1 Nxc3 12. Bxc3 Nf6 13. d5 e5 14. Qc2 Nd7 15. e4 f5 16. Bd3 Nc5 17. Nd2 fxe4 18. Nxe4 Nxe4 19. Bxe4 Qh4 20. Rce1 Bc8 21. Bd2 Bf5 22. f3 Rf7 23. Be3 Raf8 24. Qd3 Bxe4 25. Qxe4 Qxe4 26. fxe4 h5 27. Rxf7 Rxf7 28. Rf1 Rxf1+ 29. Kxf1 Kf7 30. Ke2 Bf6 31. Kd3 g5 32. Bd2 g4 33. b4 axb4 34. Bxb4 h4 35. h3 g3 36. Ke2 Ke7 37. Kf3 Kd7 38. Kg4 c6 39. Bd2 cxd5 40. cxd5 Kc7 41. Bg5 Bh8 42. Bxh4 Kb7 43. Bxg3 Ka6 44. Be1 b5 45. axb5+ Kxb5 46. Kf5 Kc4 47. g4 Kd3 48. h4 Ke2 49. Bb4 1-0


[Site "https://www.chess.com"]

[Event "Titled Tuesday Blitz June 28 Early 2022"]
[White "Le, Quang Liem"]
[Black "Bekturov, Tamerlan"]
[WhiteFideId "12401137"]
[BlackFideId "13710184"]
[WhiteElo "2657"]
[BlackElo "2151"]
[Result "1-0"]
[Round "03"]
[TimeControl "180+1"]
[Date "2022.06.28"]
[WhiteClock "0:00:42"]
[BlackClock "0:00:07"]

1. Nf3 d5 2. g3 Nd7 3. d4 Ngf6 4. Bg2 Nb6 5. O-O Bf5 6. Nbd2 h6 7. c4 dxc4 8. Nxc4 Nxc4 9. Qa4+ c6 10. Qxc4 Be4 11. Ne5 Bd5 12. Qd3 Bxg2 13. Kxg2 e6 14. e4 Be7 15. Rd1 O-O 16. Be3 Qa5 17. f3 Rfd8 18. Qb3 Qb6 19. Nc4 Qa6 20. Rac1 Rac8 21. Bf2 Nd7 22. a3 Nb6 23. Ne5 Qa4 24. Qa2 Nd7 25. Nd3 Qb5 26. a4 Qa6 27. b3 Bf8 28. Qc2 Re8 29. Nc5 Nxc5 30. dxc5 Red8 31. b4 b6 32. Rxd8 Rxd8 33. cxb6 axb6 34. Qxc6 Rd2 35. a5 Qe2 36. Qxb6 Bxb4 37. a6 Ra2 38. a7 Kh7 39. Rf1 Bd2 40. Qb8 Qa6 41. Kg1 Bb4 42. Qxb4 1-0


[Site "https://www.chess.com"]

[Event "Titled Tuesday Blitz June 28 Early 2022"]
[White "Li, Zhuoling"]
[Black "Pein, Jonathan"]
[WhiteFideId "8605629"]
[BlackFideId "417092"]
[WhiteElo "2292"]
[BlackElo "2140"]
[Result "1-0"]
[Round "03"]
[TimeControl "180+1"]
[Date "2022.06.28"]
[WhiteClock "0:00:31"]
[BlackClock "0:01:18"]

1. e4 Nc6 2. d4 d5 3. e5 f6 4. Nf3 Bg4 5. exf6 Nxf6 6. Be2 e6 7. Bf4 Bd6 8. Bxd6 cxd6 9. c3 O-O 10. h3 Bh5 11. Nbd2 a5 12. a4 Qe7 13. O-O Rae8 14. Re1 Qf7 15. Qc2 Ne4 16. Nxe4 dxe4 17. Qxe4 Kh8 18. Bd3 Bg6 19. Qe2 Bh5 20. Qe4 Bg6 21. Qe3 Bh5 22. Ng5 Qe7 23. Nxh7 Rf7 24. Ng5 Rf6 25. Qe4 Rf5 26. Nxe6 Bg6 27. Qg4 Qf6 28. Bxf5 Bxf5 29. Qh5+ 1-0


[Site "https://www.chess.com"]

[Event "Titled Tuesday Blitz June 28 Early 2022"]
[White "Lou, Yiping"]
[Black "Sanchez, Robert"]
[WhiteFideId "8603928"]
[BlackFideId "2034360"]
[WhiteElo "2412"]
[BlackElo "2046"]
[Result "0-1"]
[Round "03"]
[TimeControl "180+1"]
[Date "2022.06.28"]
[WhiteClock "0:00:30"]
[BlackClock "0:00:25"]

1. e4 e6 2. Qe2 c5 3. g3 Nc6 4. Nf3 d6 5. Bg2 g6 6. O-O Bg7 7. c3 e5 8. Rd1 Nge7 9. Na3 O-O 10. Nc4 h6 11. d3 f5 12. a4 f4 13. d4 exd4 14. Bxf4 d5 15. Nce5 g5 16. Nxc6 bxc6 17. Bd2 dxe4 18. Qxe4 Bf5 19. Qe2 Nd5 20. cxd4 cxd4 21. Qc4 Bg4 22. Nxd4 Bxd4 23. Qxd4 Bxd1 24. Rxd1 Qf6 25. Qc5 Rad8 26. b4 Nc3 27. Qc4+ Rf7 28. Qxc3 Qxc3 29. Bxc3 Rxd1+ 30. Bf1 Rf3 31. Be5 Rb3 32. Kg2 Rxb4 33. Bc3 Rxa4 34. Be2 Rc1 35. Bf6 Kf7 36. Bd8 Ra2 37. Bh5+ Kg7 0-1


[Site "https://www.chess.com"]

[Event "Titled Tuesday Blitz June 28 Early 2022"]
[White "Madaminov, Mukhiddin"]
[Black "Nakamura, Hikaru"]
[WhiteFideId "14210703"]
[BlackFideId "2016192"]
[WhiteElo "2771"]
[BlackElo "3159"]
[Result "1/2-1/2"]
[Round "03"]
[TimeControl "180+1"]
[Date "2022.06.28"]
[WhiteClock "0:00:04"]
[BlackClock "0:00:04"]

1. d4 g6 2. e4 Bg7 3. Nc3 a6 4. a4 b6 5. Nf3 Bb7 6. Bc4 e6 7. O-O d6 8. Qe2 Ne7 9. h3 h6 10. Bf4 g5 11. Bg3 Ng6 12. d5 Qe7 13. e5 exd5 14. Nxd5 Bxd5 15. Bxd5 c6 16. Be4 Nxe5 17. Nd4 O-O 18. Nf5 Qe6 19. Rad1 Qc4 20. Qxc4 Nxc4 21. b3 d5 22. bxc4 dxe4 23. Rd6 b5 24. a5 Ra7 25. Rfd1 c5 26. cxb5 axb5 27. Rb6 Na6 28. Rxb5 Rfa8 29. Rd5 Bf8 30. c3 Nc7 31. Bxc7 Rxc7 32. Re5 Rca7 33. Rxe4 Rxa5 34. Rxa5 Rxa5 35. Re8 Ra6 36. g4 c4 37. Rc8 Re6 38. Kg2 Ra6 39. Kf3 Re6 40. Kg2 Ra6 41. Rxc4 Bg7 42. Rc8+ Kh7 43. Rc7 Kg8 44. Ne7+ Kh7 45. Nd5 Kg8 46. Ne3 Ra3 47. c4 Be5 48. Rc8+ Kh7 49. Nf5 Rc3 50. Rc6 f6 51. c5 Kg6 52. Rc8 h5 53. Ne7+ Kf7 54. Nd5 Rd3 55. Ne3 hxg4 56. hxg4 Rc3 57. Nf5 Ke6 58. c6 Kd5 59. Ne3+ Ke4 60. c7 Bxc7 61. Nf5 Kd5 62. Re8 Be5 63. Ne7+ Ke6 64. Nf5+ Kd5 65. Re7 Ke4 66. Re8 Kf4 67. Ne3 Ra3 68. Re7 Ra2 69. Re8 Bd4 70. Nd5+ Kxg4 71. Re4+ Kf5 72. Rxd4 Ke5 73. Rd1 f5 74. Ne3 f4 75. Ng4+ Kf5 76. Nh6+ Kg6 77. Rd6+ Kh5 78. Nf7 Kg4 79. Nh6+ Kh5 80. Kf3 Ra3+ 81. Kg2 Ra2 1/2-1/2


[Site "https://www.chess.com"]

[Event "Titled Tuesday Blitz June 28 Early 2022"]
[White "Magallanes, Rey Jomar"]
[Black "Boder, Jan"]
[WhiteFideId "5205948"]
[BlackFideId "16243226"]
[WhiteElo "2176"]
[BlackElo "2064"]
[Result "1-0"]
[Round "03"]
[TimeControl "180+1"]
[Date "2022.06.28"]
[WhiteClock "0:00:10"]
[BlackClock "0:00:05"]

1. e4 e5 2. Nf3 Nc6 3. Bc4 Nf6 4. d4 exd4 5. e5 d5 6. Bb5 Ne4 7. Nxd4 Bd7 8. Nxc6 bxc6 9. Bd3 Bc5 10. O-O O-O 11. Be3 Bxe3 12. fxe3 Qe7 13. Nd2 Qxe5 14. Nxe4 dxe4 15. Bxe4 Qxe4 16. Qxd7 Qxe3+ 17. Kh1 Qe4 18. Qxc7 Qxc2 19. Rf3 Rad8 20. Raf1 Rd1 21. Qxa7 Rxf1+ 22. Rxf1 Qxb2 23. Qc7 Qxa2 24. Qxc6 h6 25. h3 Rb8 26. Qd6 Re8 27. Qd7 Rf8 28. Qe7 Qd2 29. Rf3 Qd1+ 30. Kh2 Qd5 31. Rg3 Rc8 32. Qf6 g6 33. Rf3 Rc6 34. Qh4 Kg7 35. Qg4 Qe5+ 36. Qf4 Qxf4+ 37. Rxf4 Rc3 38. g4 g5 39. Rf5 Kg6 40. Rb5 f6 41. Rb6 Rf3 42. Kg2 Rf4 43. Kg3 h5 44. gxh5+ Kxh5 45. Rb8 Kg6 46. Rg8+ Kf5 47. Rh8 Ra4 48. Rh5 Ra3+ 49. Kg2 Kf4 50. h4 g4 51. Rh6 Ra2+ 52. Kg1 f5 53. h5 Kf3 54. Rf6 f4 55. h6 g3 56. Rxf4+ Kxf4 57. h7 Kf3 58. h8=Q Rg2+ 59. Kf1 Rf2+ 60. Ke1 Re2+ 61. Kd1 Rf2 62. Qf6+ Kg2 63. Qc6+ Kg1 64. Qc5 Kf1 65. Qc4+ Kg2 66. Qd5+ Kh2 67. Qh5+ Kg1 68. Qc5 Kh1 69. Qh5+ Kg2 70. Qd5+ Kg1 71. Qd4 Kh1 72. Qh4+ Rh2 73. Qxg3 Rg2 74. Qh3+ Rh2 75. Qf3+ Rg2 76. Qe4 Kh2 77. Qh4+ Kg1 78. Ke1 Rh2 79. Qg3+ Rg2 80. Qe3+ Kh2 81. Kf1 Rg3 82. Qf4 Kh3 83. Kf2 Rg2+ 84. Kf1 Rg3 85. Qh6+ Kg4 86. Qg6+ Kf3 87. Qf6+ Ke3 88. Qe5+ Kf3 89. Qf5+ Ke3 90. Qf2+ Ke4 91. Qxg3 Kd5 92. Qf4 Kc6 93. Qe5 1-0


[Site "https://www.chess.com"]

[Event "Titled Tuesday Blitz June 28 Early 2022"]
[White "Mangialardo, Tiago Carvalho"]
[Black "Petrova, Irina"]
[WhiteFideId "2130718"]
[BlackFideId "14124122"]
[WhiteElo "2067"]
[BlackElo "1993"]
[Result "0-1"]
[Round "03"]
[TimeControl "180+1"]
[Date "2022.06.28"]
[WhiteClock "0:00:02"]
[BlackClock "0:00:23"]

1. e4 d6 2. d4 Nf6 3. Nc3 e5 4. Nf3 Nbd7 5. dxe5 dxe5 6. Bg5 Be7 7. Bc4 O-O 8. O-O c6 9. Re1 h6 10. Bh4 Qc7 11. Bg3 Re8 12. a4 Bb4 13. Qd3 Nc5 14. Qe3 Bg4 15. Nd2 Rad8 16. f3 Bc8 17. Bf2 Ne6 18. Nb3 Nd4 19. Rac1 a6 20. Red1 b5 21. axb5 axb5 22. Bf1 Nxb3 23. cxb3 Qb7 24. Na2 Bf8 25. Bh4 Rxd1 26. Rxd1 Nd7 27. Kh1 Bc5 28. Qc3 Ba7 29. Rc1 Qb6 30. Be2 Bb7 31. b4 Nf8 32. Qc2 Ne6 33. Rf1 Nd4 34. Qd1 Ne6 35. Bf2 Qa6 36. Bxa7 Qxa7 37. Qb3 Nd4 38. Qe3 Qxa2 39. Bd3 Qe6 40. Rc1 Bc8 41. Rc5 Qd6 42. f4 exf4 43. Qf2 Ne6 44. Bc2 Nxc5 45. bxc5 Qe5 46. Bb3 Be6 47. Bc2 Bc4 0-1


[Site "https://www.chess.com"]

[Event "Titled Tuesday Blitz June 28 Early 2022"]
[White "Marjanovic, Annamaria"]
[Black "Kuzmin, Roman"]
[WhiteFideId "750930"]
[BlackFideId "44134932"]
[WhiteElo "2156"]
[BlackElo "1968"]
[Result "1-0"]
[Round "03"]
[TimeControl "180+1"]
[Date "2022.06.28"]
[WhiteClock "0:00:23"]
[BlackClock "0:00:03"]

1. b3 d5 2. Bb2 Nf6 3. g3 b6 4. Bg2 Bb7 5. e3 e6 6. Ne2 Be7 7. d4 O-O 8. O-O c5 9. Nd2 Nc6 10. dxc5 Bxc5 11. c4 dxc4 12. Nxc4 Qe7 13. Nf4 Rfd8 14. Qe2 Rac8 15. Nd3 Bd6 16. Nxd6 Qxd6 17. Bxf6 gxf6 18. Nf4 f5 19. Rfd1 Qe5 20. Rxd8+ Nxd8 21. Rd1 Bxg2 22. Nxg2 Nc6 23. Nf4 Rd8 24. Rxd8+ Nxd8 25. Qa6 Qc7 26. Qd3 Nc6 27. Qc4 Qd6 28. Nh5 h6 29. Nf6+ Kh8 30. Qh4 Qd1+ 31. Kg2 Kg7 32. Nh5+ Kg6 33. Nf4+ Kg7 34. Nh5+ Kg6 35. Qf6+ Kxh5 36. Qxf7+ Kg5 37. f4+ Kg4 38. h3# 1-0


[Site "https://www.chess.com"]

[Event "Titled Tuesday Blitz June 28 Early 2022"]
[White "Medvedyk, Volodymyr"]
[Black "Miller, Eduard"]
[WhiteFideId "14137186"]
[BlackFideId "24687022"]
[WhiteElo "1924"]
[BlackElo "2299"]
[Result "0-1"]
[Round "03"]
[TimeControl "180+1"]
[Date "2022.06.28"]
[WhiteClock "0:00:01"]
[BlackClock "0:01:06"]

1. c4 Nf6 2. g3 g6 3. Bg2 Bg7 4. Nc3 O-O 5. e4 e5 6. Nge2 d6 7. O-O Nc6 8. d3 Nd7 9. Be3 Nc5 10. d4 exd4 11. Nxd4 Nxd4 12. Bxd4 Ne6 13. Bxg7 Kxg7 14. f4 f5 15. exf5 gxf5 16. Rf2 Rb8 17. Qh5 Qf6 18. Re1 Bd7 19. Nd5 Qg6 20. Qh4 Rf7 21. Rfe2 c6 22. Nc3 Nc5 23. Re7 Rf8 24. Bf3 Qf6 25. Qxf6+ Kxf6 26. Rxf7+ Rxf7 27. Rd1 Ke7 28. Re1+ Kd8 29. b4 Ne6 30. Bh5 Rg7 31. Rd1 Nxf4 32. Bf3 Kc7 33. Kf1 Ne6 34. Ne2 Ng5 0-1


[Site "https://www.chess.com"]

[Event "Titled Tuesday Blitz June 28 Early 2022"]
[White "Mekhane, Adam"]
[Black "Ianov, Viktor"]
[WhiteFideId "36050601"]
[BlackFideId "14102730"]
[WhiteElo "2002"]
[BlackElo "2152"]
[Result "1-0"]
[Round "03"]
[TimeControl "180+1"]
[Date "2022.06.28"]
[WhiteClock "0:00:45"]
[BlackClock "0:01:00"]

1. e4 d6 2. d4 Nf6 3. Nc3 c6 4. f3 Qb6 5. b3 e6 6. Bb2 d5 7. e5 Nfd7 8. f4 c5 9. Nf3 Nc6 10. Bd3 cxd4 11. Ne2 Bb4+ 12. Kf2 Bc5 13. a3 a5 14. Rf1 O-O 15. Kg1 f5 16. Kh1 Re8 17. Qe1 Nf8 18. Rg1 Bd7 19. g4 g6 20. Qh4 Rac8 21. Rg3 Be7 22. Qh3 a4 23. b4 Qd8 24. gxf5 exf5 25. Bxf5 Bxf5 26. Qxf5 Qd7 27. Qxd7 Nxd7 28. Nexd4 Nxd4 29. Nxd4 Nf8 30. f5 Bd8 31. e6 Bb6 32. Re1 Rc4 33. f6 Nxe6 34. Nxe6 Rxc2 35. f7+ Kxf7 36. Ng5+ Kf8 37. Rf3+ 1-0


[Site "https://www.chess.com"]

[Event "Titled Tuesday Blitz June 28 Early 2022"]
[White "Melikhov, Evgeny V."]
[Black "Vainio, Ville"]
[WhiteFideId "4122046"]
[BlackFideId "507270"]
[WhiteElo "1904"]
[BlackElo "2225"]
[Result "1-0"]
[Round "03"]
[TimeControl "180+1"]
[Date "2022.06.28"]
[WhiteClock "0:00:18"]
[BlackClock "0:00:01"]

1. d4 d6 2. e4 Nf6 3. Bd3 e5 4. d5 c6 5. c4 Nbd7 6. Nc3 Nc5 7. Bc2 a5 8. f3 Be7 9. Be3 Nfd7 10. Qd2 h6 11. g3 Bg5 12. f4 exf4 13. gxf4 Bh4+ 14. Bf2 Bxf2+ 15. Qxf2 Qf6 16. O-O-O a4 17. Nge2 a3 18. Qd4 axb2+ 19. Kxb2 Qxd4 20. Nxd4 Nb6 21. Bb3 cxd5 22. cxd5 Bd7 23. Ndb5 Bxb5 24. Nxb5 Kd7 25. e5 Nc8 26. Rhe1 Ra5 27. Nc3 Re8 28. Ne4 Nxe4 29. Rxe4 Nb6 30. Rb4 Ra6 31. Re1 f6 32. Kc3 fxe5 33. Rxb6 Rxb6 34. Ba4+ Kd8 35. Bxe8 Kxe8 36. fxe5 dxe5 37. Rxe5+ Kd7 38. Re2 Ra6 39. Kd4 Kd6 40. Re6+ Kd7 41. Re2 Ra4+ 42. Ke5 Ra5 43. Rg2 g5 44. h4 1-0


[Site "https://www.chess.com"]

[Event "Titled Tuesday Blitz June 28 Early 2022"]
[White "Mestnikov, Aisen"]
[Black "Johnson, Ben"]
[WhiteFideId "34130117"]
[BlackFideId "2010917"]
[WhiteElo "2027"]
[BlackElo "2171"]
[Result "0-1"]
[Round "03"]
[TimeControl "180+1"]
[Date "2022.06.28"]
[WhiteClock "0:02:07"]
[BlackClock "0:01:53"]

1. d4 Nf6 2. c4 e6 3. Nf3 d5 4. g3 dxc4 5. Bg2 c5 6. O-O Nc6 7. Qa4 Bd7 8. Qxc4 b5 9. Qd3 c4 10. Qd1 Be7 11. Ne5 Rc8 12. Nxd7 Qxd7 13. e3 Nb4 14. Nc3 Nd3 15. Ne4 O-O 16. Nxf6+ Bxf6 17. Be4 Nxc1 18. Rxc1 b4 19. Bb1 g6 20. Qa4 Qxa4 0-1


[Site "https://www.chess.com"]

[Event "Titled Tuesday Blitz June 28 Early 2022"]
[White "Molina, Roberto Junio Brito"]
[Black "Kopczynski, Michal"]
[WhiteFideId "2109450"]
[BlackFideId "1124200"]
[WhiteElo "2432"]
[BlackElo "2235"]
[Result "1/2-1/2"]
[Round "03"]
[TimeControl "180+1"]
[Date "2022.06.28"]
[WhiteClock "0:00:27"]
[BlackClock "0:00:07"]

1. d4 Nf6 2. c4 g6 3. Nc3 Bg7 4. e4 d6 5. f3 O-O 6. Be3 Na6 7. Qd2 c5 8. d5 Nc7 9. Be2 Rb8 10. a4 a6 11. Bd1 b5 12. axb5 axb5 13. cxb5 Nxb5 14. Nge2 Nxc3 15. Nxc3 Nd7 16. O-O Qb6 17. Ra2 Ba6 18. Be2 Bxe2 19. Qxe2 Qb3 20. Rc1 Ra8 21. Rxa8 Rxa8 22. Rc2 Ne5 23. h3 Nc4 24. Bc1 Ra1 25. Kh2 Be5+ 26. g3 h5 27. f4 Bd4 28. h4 Na3 29. bxa3 Bxc3 30. f5 Be5 31. Bf4 Bxf4 32. gxf4 Rxa3 33. Qg2 Qe3 34. Rf2 Kh7 35. fxg6+ fxg6 36. f5 g5 37. hxg5 h4 38. g6+ Kg7 39. Rf1 Rd3 40. Kh1 Rd2 41. Qf3 Qxf3+ 42. Rxf3 Re2 43. Rf4 c4 44. e5 c3 45. f6+ exf6 46. exf6+ Kxg6 47. f7 c2 48. f8=Q c1=Q+ 49. Rf1 Re1 50. Qf6+ Kh5 51. Qf5+ Kh6 52. Qf8+ Kh7 53. Qf5+ Kh6 54. Qf6+ Kh7 55. Qf7+ Kh6 56. Qf8+ Kh7 57. Qf7+ Kh6 58. Qf6+ Kh5 59. Qf3+ Kh6 60. Qf8+ 1/2-1/2


[Site "https://www.chess.com"]

[Event "Titled Tuesday Blitz June 28 Early 2022"]
[White "Narayanan, Srinath"]
[Black "So, Wesley"]
[WhiteFideId "5018420"]
[BlackFideId "5202213"]
[WhiteElo "2760"]
[BlackElo "3057"]
[Result "0-1"]
[Round "03"]
[TimeControl "180+1"]
[Date "2022.06.28"]
[WhiteClock "0:00:02"]
[BlackClock "0:00:16"]

1. Nf3 d5 2. e3 Nf6 3. c4 e6 4. b3 Be7 5. Bb2 O-O 6. d4 c5 7. dxc5 dxc4 8. Qxd8 Rxd8 9. Bxc4 Ne4 10. Nbd2 Nxc5 11. Ke2 Nc6 12. Rhd1 Bd7 13. Kf1 Be8 14. Nd4 Ne5 15. Ba3 Nxc4 16. Nxc4 Bf8 17. Ne5 Rac8 18. Bb2 f6 19. Nc4 b5 20. Na5 e5 21. Nf5 Nd3 22. Bd4 Bg6 23. Nh4 exd4 24. Nxg6 Nb2 25. Nxf8 Nxd1 26. Ne6 dxe3 27. Nxd8 Rxd8 28. fxe3 Nxe3+ 29. Kf2 Ng4+ 30. Kg3 h5 31. Nc6 Rd3+ 32. Kf4 a6 33. h3 Nh6 34. Ke4 Rg3 35. Nb8 a5 36. a4 bxa4 37. bxa4 Rxg2 38. Nc6 Rg5 39. Rb1 Rg3 40. Nxa5 Ra3 41. Rb4 Rxh3 42. Nc6 h4 43. a5 Ra3 44. Kd5 g5 45. Kc5 h3 46. Kb6 h2 47. Rb1 g4 48. Nd4 g3 49. Ne2 g2 0-1


[Site "https://www.chess.com"]

[Event "Titled Tuesday Blitz June 28 Early 2022"]
[White "Nasir, Zehn"]
[Black "Garcia, Gabriel Gonzaga"]
[WhiteFideId "2613239"]
[BlackFideId "2138956"]
[WhiteElo "1993"]
[BlackElo "2240"]
[Result "0-1"]
[Round "03"]
[TimeControl "180+1"]
[Date "2022.06.28"]
[WhiteClock "0:00:09"]
[BlackClock "0:00:22"]

1. e4 c6 2. d4 d5 3. e5 Bf5 4. h4 h5 5. Bd3 Bxd3 6. Qxd3 e6 7. Bg5 Be7 8. Nf3 Nd7 9. Nbd2 Nh6 10. Nf1 Nf5 11. Ng3 Nxg3 12. fxg3 Qb6 13. Bxe7 Kxe7 14. O-O Raf8 15. c4 dxc4 16. Qxc4 Qb5 17. Qc2 Qd5 18. b4 f6 19. exf6+ Rxf6 20. Rfe1 Rhf8 21. Re3 Kd8 22. Rae1 Kc7 23. a4 a6 24. Kh2 Kb8 25. Ng5 Rf2 26. Qe4 Nf6 27. Qxd5 exd5 28. Re7 Ng4+ 29. Kg1 Rb2 30. Ne6 Rff2 31. Nf4 g5 32. hxg5 h4 33. R7e2 hxg3 34. Rxb2 Rxb2 35. g6 Rf2 36. g7 Nh6 37. Re8+ Ka7 38. g8=Q Nxg8 39. Rxg8 Rxf4 40. Rxg3 Rxd4 41. Rb3 a5 42. bxa5 Rxa4 43. Kf2 Rxa5 44. g4 d4 45. Kf3 Rd5 46. Ke4 b5 47. Rg3 Kb6 48. g5 d3 49. g6 d2 50. g7 Rd8 51. Rg1 Rg8 52. Rd1 Rxg7 53. Rxd2 Re7+ 54. Kf3 c5 55. Rd5 b4 56. Rd6+ Kb5 57. Rd8 c4 58. Rb8+ Ka4 59. Rc8 c3 60. Rc7 Rxc7 0-1


[Site "https://www.chess.com"]

[Event "Titled Tuesday Blitz June 28 Early 2022"]
[White "Nenezic, Marko"]
[Black "Boraso, Alessio"]
[WhiteFideId "912123"]
[BlackFideId "848077"]
[WhiteElo "2432"]
[BlackElo "2286"]
[Result "1-0"]
[Round "03"]
[TimeControl "180+1"]
[Date "2022.06.28"]
[WhiteClock "0:01:27"]
[BlackClock "0:00:05"]

1. d4 Nf6 2. c4 c5 3. d5 e6 4. Nc3 exd5 5. cxd5 d6 6. e4 g6 7. f4 Bg7 8. Bb5+ Nfd7 9. Nf3 O-O 10. O-O Na6 11. Kh1 Nc7 12. Bd3 b6 13. a4 Ba6 14. Nb5 Bxb5 15. axb5 Re8 16. Qc2 Qc8 17. Bd2 a6 18. bxa6 Nxa6 19. Bb5 Nc7 20. Rxa8 Nxa8 21. Bc3 Nc7 22. Bc6 Bxc3 23. bxc3 Re7 24. e5 Ne8 25. Re1 Qc7 26. Qe4 f5 27. exd6 fxe4 28. dxc7 exf3 29. Rxe7 f2 30. Rxe8+ Kf7 31. Bb5 c4 32. Bxc4 b5 33. Bf1 Nb6 34. Rb8 1-0


[Site "https://www.chess.com"]

[Event "Titled Tuesday Blitz June 28 Early 2022"]
[White "Nguyen, Quoc Hy"]
[Black "Lucas, Arthur"]
[WhiteFideId "12410853"]
[BlackFideId "26093073"]
[WhiteElo "1938"]
[BlackElo "2129"]
[Result "0-1"]
[Round "03"]
[TimeControl "180+1"]
[Date "2022.06.28"]
[WhiteClock "0:00:12"]
[BlackClock "0:00:14"]

1. d4 g6 2. c4 Bg7 3. Nc3 Nf6 4. e4 d6 5. Nf3 O-O 6. Be2 Na6 7. O-O e5 8. Re1 Qe8 9. Bf1 Bg4 10. Bg5 exd4 11. Nd5 Nxd5 12. exd5 Qd7 13. h3 Bxf3 14. Qxf3 Rae8 15. Bf6 Rxe1 16. Rxe1 Re8 17. Rd1 Nb4 18. a3 Nc2 19. Bxg7 Kxg7 20. Qd3 Qf5 21. Qxf5 gxf5 22. Bd3 Re1+ 23. Rxe1 Nxe1 24. Bxf5 d3 25. Kf1 d2 26. Ke2 Nxg2 27. Kxd2 h5 28. Kc3 Kf6 29. Bc8 b6 30. Kb4 a5+ 31. Kb5 Ke7 32. Kc6 Kd8 33. Bf5 h4 34. b4 axb4 35. axb4 Nf4 36. Kb5 Ne2 37. Bg4 Nc3+ 38. Kc6 Na2 39. Kb5 Nc3+ 40. Kc6 Ne4 41. f3 Nd2 42. c5 bxc5 43. bxc5 Nc4 44. cxd6 cxd6 45. Bh5 Ke7 46. f4 Ne3 47. Bf3 Nf5 48. Bg4 Nh6 49. Bf3 Ng8 50. Kc7 Nf6 51. Kc6 Ne8 52. Bg4 Ng7 53. Kc7 Ne8+ 54. Kc6 Nf6 55. Bf3 Nd7 56. Bg4 Nc5 57. Bf3 Nd3 58. f5 Ne5+ 59. Kc7 Nxf3 60. f6+ Kxf6 61. Kxd6 Ne5 62. Kc5 Ke7 63. Kd4 Nf3+ 64. Ke4 Ng5+ 65. Kf5 Nxh3 66. Kg4 Nf2+ 67. Kxh4 Ne4 68. Kg4 Nc3 69. d6+ Kxd6 70. Kf5 Ke7 71. Ke5 Nb5 72. Kf5 Nd6+ 73. Ke5 f6+ 74. Kf4 Ke6 75. Ke3 f5 76. Kf3 Ke5 77. Ke3 f4+ 78. Kf3 Kf5 79. Kf2 Ke4 80. Ke2 f3+ 81. Kf2 Kf4 82. Kf1 Ke3 83. Ke1 Ne4 0-1


[Site "https://www.chess.com"]